 Dungeon Crawl Stone Soup version 0.28-a0-691-gad6df49e81 (webtiles) character file.

Game seed: 14591838111620228429

8305 mordus the Basher (level 11, -4/75 HPs)
             Began as a Formicid Fighter on Oct 21, 2021.
             Slain by a tengu warrior (18 damage)
             ... on level 10 of the Dungeon.
             The game lasted 00:19:53 (9883 turns).

mordus the Basher (Formicid Fighter)                Turns: 9883, Time: 00:19:53

Health: -4/75      AC: 21    Str: 23    XL:     11   Next: 53%
Magic:  20/20      EV:  7    Int:  9    God:
Gold:   597        SH: 15    Dex: 10    Spells: 10/10 levels left

rFire   . . .      SeeInvis +   u - +0 dire flail
rCold   . . .      Faith    .   e - +0 tower shield of Edoluf {MP+9}
rNeg    . . .      Spirit   .   F - +0 chain mail
rPois   .          Reflect  .   (helmet unavailable)
rElec   .          Harm     .   w - +2 cloak
rCorr   .          Rampage  .   s - +1 pair of gloves
Will    +....                   f - +2 pair of boots
Stlth   ..........              j - amulet of regeneration
HPRegen 1.22/turn               (no ring)
MPRegen 0.17/turn               (no ring)

@: no status effects
A: permanent stasis, dig shafts and tunnels, antennae 3, four strong arms
a: Dig, Shaft Self


You were on level 10 of the Dungeon.
You visited 2 branches of the dungeon, and saw 11 of its levels.

You collected 597 gold pieces.

Inventory:

Hand Weapons
 a - a +0 flail
 u - a +0 dire flail (weapon)
 B - the +1 hand axe "Wisutz" {vorpal, rCorr Dex+3}
   (You found it on level 9 of the Dungeon)

   It inflicts extra damage upon your enemies.
   Dex:       It affects your dexterity (+3).
   rCorr:     It protects you from acid and corrosion.
Missiles
 q - 2 throwing nets
Armour
 b - a +0 scale mail
 c - a +0 buckler
 e - the +0 tower shield of Edoluf (worn) {MP+9}
   (You acquired it on level 7 of the Dungeon)

   MP:        It affects your magic capacity (+9).
 f - a +2 pair of boots (worn)
 s - a +1 pair of gloves (worn)
 w - a +2 cloak (worn)
 F - a +0 chain mail (worn)
Jewellery
 i - an amulet of magic regeneration
 j - an amulet of regeneration (around neck)
 k - a ring of ice
 y - an amulet of faith
 J - a ring of resist corrosion
Wands
 m - a wand of flame (23)
 v - a wand of iceblast (8)
 C - a wand of polymorph (17)
Scrolls
 l - a scroll of teleportation
 o - 2 scrolls of fog
 p - 4 scrolls of identify
 H - 2 scrolls of amnesia {unknown}
Potions
 d - 3 potions of might
 g - 6 potions of haste
 h - a potion of magic {unknown}
 n - 3 potions of lignification
 r - a potion of flight {unknown}
 t - a potion of cancellation {unknown}
 x - a potion of resistance
 z - a potion of mutation
 A - 2 potions of heal wounds
 D - 5 potions of curing
 E - a potion of degeneration {unknown}
 G - a potion of invisibility {unknown}
 K - a potion of berserk rage {unknown}
Miscellaneous
 I - a condenser vane


   Skills:
 - Level 3.2 Fighting
 * Level 12.3 Maces & Flails
 + Level 10.0 Armour
 + Level 11.0 Shields


You had 10 spell levels left.
You didn't know any spells.
Your spell library contained the following spells:

 Spells                   Type           Power      Damage    Failure   Level
 Beastly Appendage        Tmut           0%         N/A       99%         1
 Sandblast                Erth           0%         2d4       99%         1
 Passwall                 Tmut/Erth      0%         N/A       100%        2
 Wereblood                Tmut           0%         N/A       100%        2
 Gell's Gravitas          Tloc           0%         N/A       100%        3
 Inner Flame              Hex/Fire       0%         N/A       100%        3
 Lesser Beckoning         Tloc           0%         N/A       100%        3
 Spider Form              Tmut/Pois      0%         N/A       100%        3
 Stone Arrow              Conj/Erth      0%         3d7       100%        3
 Teleport Other           Tloc           0%         N/A       100%        3
 Cause Fear               Hex            0%         N/A       100%        4
 Discord                  Hex            0%         N/A       100%        8


Dungeon Overview and Level Annotations

Branches:
Dungeon (10/15)            Temple (1/1) D:4             Orc (0/2) D:10
   Lair: D:8-11

Altars:
Ashenzari
Cheibriados
Dithmenos
Elyvilon
Fedhas
Gozag
Hepliaklqana
Kikubaaqudgha
Makhleb
Nemelex Xobeh
Qazlal
Ru
Sif Muna
Trog
Uskayaw
Vehumet
Wu Jian
Xom
Yredelemnul
Zin
The Shining One

Annotations:
D:5 1 runed translucent door
D:9 1 runed translucent door, Dittersdorf's ghost, journeyman GrFi


Innate Abilities, Weirdness & Mutations

You cannot be hasted, slowed, berserked, paralysed or teleported.
You can dig through walls and to a lower floor.
You have a pair of large antennae on your head. (SInv)
Your four strong arms can wield two-handed weapons with a shield.


Message History

The tengu warrior hits you with a +0 battleaxe.
The tengu warrior closely misses you. You block the tengu warrior's attack.
You barely miss the tengu warrior.
The tengu warrior is almost dead.
You block the tengu warrior's attack.
The tengu warrior pecks you but does no damage.
You block the tengu warrior's attack.
You closely miss the tengu warrior.
The tengu warrior is almost dead.
The tengu warrior hits you with a +0 battleaxe.
You block the tengu warrior's attack. x2
Your shield and chain mail prevent you from hitting the tengu warrior.
The tengu warrior is almost dead.
You block the tengu warrior's attack.
The tengu warrior pecks you but does no damage.
The tengu warrior claws you.
You hit the tengu warrior but do no damage.
The tengu warrior is almost dead.
You closely miss the tengu warrior.
The tengu warrior is almost dead.
The tengu warrior hits you with a +0 battleaxe!
* * * LOW HITPOINT WARNING * * *
You block the tengu warrior's attack. The tengu warrior barely misses you.
You hit the tengu warrior.
The tengu warrior is almost dead.
You block the tengu warrior's attack. The tengu warrior pecks you.
* * * LOW HITPOINT WARNING * * *
You block the tengu warrior's attack.
You miss the tengu warrior.
The tengu warrior is almost dead.
The tengu warrior hits you but does no damage.
You block the tengu warrior's attack. x2
You miss the tengu warrior.
The tengu warrior is almost dead.
You block the tengu warrior's attack. x2; The tengu warrior claws you.
* * * LOW HITPOINT WARNING * * *
You miss the tengu warrior.
The tengu warrior is almost dead.
The tengu warrior hits you with a +0 battleaxe!!
You die...

#...... #...### #... #
##+## +## #...###
#...#).:# #......
#...#(..# { #......
... {C$# #......
##Q###### #......
#.@.#...# ##.....
#.).'...# { #......
#...#...# #.....#
...######'######......
........†.............
....###....#..........
# #...###.........
...###....#..........
......................


You could see a tengu warrior.

Vanquished Creatures
  A two-headed ogre (D:8)
  An ugly thing (D:10)
  An unseen horror (D:6)
  A yaktaur (D:10)
  A vampire (D:9)
  19 yaks
  A steam dragon (D:8)
  2 acid dragons (D:9)
  A water moccasin (D:8)
  5 orc warriors
  2 ice beasts
  A black bear (D:6)
  A necrophage (D:4)
  3 centaurs
  2 phantoms
  3 bullfrogs
  A water moccasin zombie (D:5)
  2 wyvern zombies
  A water moccasin skeleton (D:5)
  15 killer bees (D:9)
  3 howler monkeys (D:8)
  2 centaur zombies
  4 orc priests
  5 hounds
  A centaur skeleton (D:7)
  3 jellies
  A human skeleton (D:5)
  Ijyb (D:3)
  2 iguanas
  9 orc wizards
  A mummy (D:3)
  4 howler monkey zombies
  A howler monkey skeleton (D:7)
  7 gnolls
  8 adders
  A shadow imp (D:7)
  A white imp (D:6)
  4 worms
  5 dart slugs
  38 orcs
  6 ball pythons
  7 endoplasms
  6 giant cockroaches
  10 goblins
  4 hobgoblins
  7 kobolds
  2 quokkas
  7 bats
  7 frilled lizards
  7 rats
228 creatures vanquished.

Vanquished Creatures (others)
  A human (D:6)
1 creature vanquished.

Grand Total: 229 creatures vanquished

Notes
Turn   | Place    | Note
-------+----------+-------------------------------------------
     0 | D:1      | mordus the Formicid Fighter began the quest for the Orb.
     0 | D:1      | Reached XP level 1. HP: 18/18 MP: 1/1
   219 | D:1      | Reached XP level 2. HP: 24/24 MP: 2/2
   563 | D:1      | Reached XP level 3. HP: 28/29 MP: 3/3
   581 | D:1      | Found a faded altar of an unknown god.
  1146 | D:2      | Reached skill level 3 in Maces & Flails
  1401 | D:2      | Found an ornate altar of the Wu Jian Council.
  1594 | D:2      | Reached XP level 4. HP: 35/35 MP: 4/4
  2129 | D:3      | Reached XP level 5. HP: 37/41 MP: 5/5
  2134 | D:3      | Reached skill level 4 in Maces & Flails
  2221 | D:3      | Noticed Ijyb
  2233 | D:3      | Killed Ijyb
  2386 | D:3      | Reached XP level 6. HP: 47/47 MP: 6/6
  2719 | D:3      | Found a snail-covered altar of Cheibriados.
  2726 | D:3      | Reached skill level 5 in Shields
  2811 | D:4      | Found a staircase to the Ecumenical Temple.
  2933 | Temple   | Entered the Ecumenical Temple
  3241 | D:4      | Noticed a necrophage
  3252 | D:4      | Killed a necrophage
  3335 | D:4      | Reached skill level 5 in Maces & Flails
  3350 | D:4      | Reached XP level 7. HP: 35/52 MP: 7/7
  3492 | D:4      | Reached skill level 5 in Armour
  3840 | D:5      | Entered Level 5 of the Dungeon
  3845 | D:5      | Noticed a human
  3861 | D:5      | Found a runed translucent door.
  3865 | D:5      | Found a basalt altar of Yredelemnul.
  4165 | D:5      | HP: 2/52 [orc priest/divine providence (9)]
  4210 | D:5      | HP: 1/52 [ogre (30)]
  4408 | D:5      | Reached skill level 6 in Maces & Flails
  4408 | D:5      | Reached XP level 8. HP: 25/58 MP: 8/8
  5119 | D:6      | Reached skill level 7 in Maces & Flails
  5122 | D:6      | Noticed an unseen horror
  5167 | D:6      | Killed an unseen horror
  5177 | D:6      | Reached XP level 9. HP: 43/64 MP: 9/9
  5362 | D:6      | Found an ancient bone altar of Kikubaaqudgha.
  6072 | D:7      | Reached skill level 8 in Maces & Flails
  6230 | D:7      | Reached skill level 9 in Maces & Flails
  6281 | D:7      | Identified a scroll of acquirement
  6281 | D:7      | Acquired the +0 tower shield of Edoluf {MP+9}
  6501 | D:7      | Reached XP level 10. HP: 56/70 MP: 10/10
  6556 | D:7      | Found a hide-covered altar of Uskayaw.
  6658 | D:7      | Found a broken altar of Ashenzari.
  6900 | D:8      | Found a stormy altar of Qazlal.
  6961 | D:8      | Reached skill level 10 in Maces & Flails
  7696 | D:8      | Noticed a two-headed ogre
  7703 | D:8      | Killed a two-headed ogre
  7704 | D:8      | Reached skill level 11 in Maces & Flails
  8309 | D:9      | Identified the +1 hand axe "Wisutz" {vorpal, rCorr Dex+3}
  8372 | D:9      | Found a runed translucent door.
  8373 | D:9      | Noticed Dittersdorf's ghost (journeyman GrFi)
  8457 | D:9      | Reached skill level 10 in Shields
  8466 | D:9      | Reached XP level 11. HP: 75/75 MP: 11/11
  9094 | D:9      | Found a glowing golden altar of the Shining One.
  9176 | D:9      | Reached skill level 12 in Maces & Flails
  9449 | D:10     | Entered Level 10 of the Dungeon
  9539 | D:10     | Found a staircase to the Orcish Mines.
  9680 | D:10     | Noticed a stone giant
  9680 | D:10     | Noticed a red ugly thing
  9697 | D:10     | Killed a red ugly thing
  9698 | D:10     | Reached skill level 10 in Armour
  9857 | D:10     | Noticed a tengu warrior
  9883 | D:10     | Slain by a tengu warrior

Illustrated notes

Levels and vault maps discovered:
D:1:      sevenhm_arrival_forest_fort_large_4, layout_basic,
          hellmonk_ecumenical_altar_arch_garden, hex_intersection
D:2:      layout_basic, basic_altar, minmay_between
D:3:      layout_loops_cross, slow_altar_2, st_stairs_1, item_on_display_a,
          uniq_ijyb
D:4:      layout_loops_cross, minmay_temple_entry_sparse_star, moated_statue,
          minmay_box_of_dots
D:5:      layout_gridville, dk_yredelemnul_ordeal, minmay_large_rounded_square
D:6:      cheibrodos_iron_armory, layout_loops_corners, tgw_kikubaaqudgha,
          serial_park_tiny_1, hangedman_minor_gate_pass
D:7:      layout_basic, nicolae_uskayaw_suspiria,
          mainiacjoe_overflow_small_starburst
D:8:      layout_basic, lemuel_round_altar, serial_corexii_hall,
          chequers_hall_statues_wall_a, corexii_hall_statues_u,
          corexii_hall_statues_i
D:9:      layout_long_grid, nicolae_tso_carved_into_rock,
          ebering_ghost_inner_flame, st_stairs_14
D:10:     layout_big_octagon, kennysheep_little_box, orc_david_3,
          minmay_evil_grid
Temple:   minmay_temple_curvy_branch

Skill      XL: |  1  2  3  4  5  6  7  8  9 10 11 |
---------------+----------------------------------+-----
Shields        | 4 5 6 7 8 10 11 | 11.0
Maces & Flails | 3 4 5 6 7 9 11 12 | 12.3
Armour         | 4 5 6 7 9 10 | 10.0
Fighting       | |  3.2

Action                   |  1- 3 |  4- 6 |  7- 9 | 10-12 || total
-------------------------+-------+-------+-------+-------++-------
Melee: Flail             |    85 |   231 |   411 |    74 ||   801
       Dire flail        |       |       |       |   446 ||   446
 Abil: Dig               |       |       |     9 |     5 ||    14
  Use: Scroll            |       |       |    18 |       ||    18
Armor: Scale mail        |    39 |   123 |   157 |       ||   319
       Chain mail        |       |       |    34 |   216 ||   250
Dodge: Dodged            |    32 |   116 |   165 |    99 ||   412
Block: Buckler           |    25 |    53 |    89 |       ||   167
       Tower shield      |       |       |    24 |   409 ||   433

Table legend: (Time is in decaauts)
 A = Elapsed time spent in this place.
 B = Non-inter-level travel time spent in this place.
 C = Inter-level travel time spent in this place.
 D = Time resting spent in this place.
 E = Time spent auto-exploring this place.
 F = Levels seen in this place.
 G = Mean time per level.
                   A        B        C        D        E       F      G
               +--------+--------+--------+--------+--------+-----+--------+
         Total |   9951 |   9695 |    256 |    275 |   6718 |  11 |  904.6 |
       Dungeon |   9699 |   9443 |    256 |    275 |   6474 |  10 |  969.9 |
        Temple |    252 |    252 |      0 |      0 |    244 |   1 |  252.0 |
               +--------+--------+--------+--------+--------+-----+--------+

Top non-repeatable levels by time:
     D:8: 1393 daAuts
     D:9: 1129 daAuts
     D:6: 1128 daAuts
     D:2: 1123 daAuts
     D:1: 983 daAuts
     D:4: 973 daAuts
     D:5: 970 daAuts
     D:7: 793 daAuts
     D:3: 784 daAuts
    D:10: 419 daAuts
  Temple: 252 daAuts
